 Dungeon Crawl Stone Soup version 0.28-a0-1199-gef9e1dbd39 (webtiles) character file.

Game seed: 1788650639098589678

134 ytrimaz the Cutter (level 4, -12/35 HPs)
             Began as a Demonspawn Fighter on Dec 19, 2021.
             Mangled by Crazy Yiuf (19 damage)
             ... on level 3 of the Dungeon.
             The game lasted 00:02:04 (2391 turns).

ytrimaz the Cutter (Demonspawn Fighter)             Turns: 2391, Time: 00:02:05

Health: -12/35     AC:  8    Str: 18    XL:     4   Next: 95%
Magic:  4/4        EV: 11    Int:  9    God:
Gold:   145        SH:  4    Dex: 13    Spells: 3/3 levels left

rFire   . . .      SeeInvis .   a - +1 rapier
rCold   . . .      Faith    .   c - +0 buckler
rNeg    . . .      Spirit   .   b - +0 scale mail
rPois   .          Reflect  .   (no helmet)
rElec   .          Harm     .   (no cloak)
rCorr   .          Rampage  .   (no gloves)
Will    .....                   g - +0 pair of boots
Stlth   ..........              (no amulet)
HPRegen 0.11/turn               (no ring)
MPRegen 0.09/turn               (no ring)

@: no status effects
A: repulsion field 1, weakness stinger 1
a: no special abilities


You were on level 3 of the Dungeon.
You visited 1 branch of the dungeon, and saw 3 of its levels.

You collected 145 gold pieces.

Inventory:

Hand Weapons
 a - a +1 rapier (weapon)
Armour
 b - a +0 scale mail (worn)
 c - a +0 buckler (worn)
 g - a +0 pair of boots (worn)
Jewellery
 j - a +6 ring of intelligence
Scrolls
 f - a scroll of silence
 l - a scroll of acquirement
Potions
 d - a potion of might
 e - a potion of haste
 i - a potion of ambrosia {unknown}
 k - a potion of heal wounds {unknown}


   Skills:
 + Level 3.3 Fighting
 * Level 3.7 Short Blades
 + Level 3.2 Armour
 + Level 3.2 Shields


You had 3 spell levels left.
You didn't know any spells.
Your spell library contained the following spells:

 Spells                   Type           Power      Damage    Failure   Level
 Slow                     Hex            0%         N/A       80%         1
 Confusing Touch          Hex            0%         N/A       99%         3
 Vampiric Draining        Necr           0%         2d6       99%         3


Dungeon Overview and Level Annotations

Branches:
Dungeon (3/15)

Altars:
Ashenzari
Makhleb

Shops:
D:2 [

Annotations:
D:3 Crazy Yiuf


Innate Abilities, Weirdness & Mutations

You are surrounded by a mild repulsion field. (EV +2)
You have a small tail.


Message History

You hit the dart slug.
The dart slug is lightly wounded.
The dart slug launches a dart at you.
The slug dart hits you but does no damage.
You hit the dart slug.
The dart slug is moderately wounded.
You puncture the dart slug!
You kill the dart slug!
No target in view!
You see here a dart slug corpse.
Found a burning altar of Makhleb.
f - a scroll of silence An endoplasm comes into view.
The endoplasm quivers.
The endoplasm freezes you.
You are frozen.
An endoplasm is nearby!
You hit the endoplasm.
You kill the endoplasm!
You see here a +0 dagger of holy wrath.
There is a stone staircase leading up here.
Crazy Yiuf shouts!
No reachable target in view!
No reachable target in view!
Could not explore, unopened runed door.
Could not explore, unopened runed door.
Could not explore, unopened runed door.
No reachable target in view!
You open the door.
Crazy Yiuf says, "Shadow!
Ghoul verde Hive."
Crazy Yiuf drinks a potion.
Crazy Yiuf seems to grow stronger.
Crazy Yiuf hits you with a +3 quarterstaff of chaos!
You convulse!
* * * LOW HITPOINT WARNING * * *
There is an open translucent door, spattered with blood here.
You hit Crazy Yiuf but do no damage. You tail-slap Crazy Yiuf!
Crazy Yiuf is moderately wounded.
Crazy Yiuf hits you with a +3 quarterstaff of chaos!!
Ouch! That really hurt!
You die...

#########........####...#.)..
#...............#####..##.)).
#.#######......## #......)...
#.# ######## #.......... #.#
#.......... #.# ###.####.##
#.###♣♣ #### #.# #...
#..#.P♣♣ ♣♣#..)# ### ####
#....PP♣♣♣♣.@g..#
##......♣..♣#...# ###...♣.♣♣♣
#### ##♣♣♣♣♣


You could see Crazy Yiuf (strong).

Vanquished Creatures
  An orc priest (D:3)
  5 adders (D:3)
  A dart slug (D:3)
  3 orcs (D:3)
  5 bats
  5 endoplasms
  A giant cockroach (D:3)
  2 goblins
  3 hobgoblins
  7 jackals
  4 kobolds
  3 quokkas
  3 ball pythons
  2 frilled lizards (D:1)
  7 rats
52 creatures vanquished.

Notes
Turn   | Place    | Note
-------+----------+-------------------------------------------
     0 | D:1      | ytrimaz the Demonspawn Fighter began the quest for the Orb.
     0 | D:1      | Reached XP level 1. HP: 18/18 MP: 1/1
    41 | D:1      | Gained mutation: You have a small tail. [demonic ancestry]
    41 | D:1      | Reached XP level 2. HP: 19/24 MP: 2/2
   202 | D:1      | Found a faded altar of an unknown god.
  1087 | D:2      | Reached XP level 3. HP: 29/29 MP: 3/3
  1187 | D:2      | Found Moet Hom's Antique Armour Shop.
  1566 | D:3      | Gained mutation: You are surrounded by a mild repulsion
                  | field. (EV +2) [demonic ancestry]
  1566 | D:3      | Reached XP level 4. HP: 34/35 MP: 4/4
  1670 | D:3      | Found a broken altar of Ashenzari.
  1700 | D:3      | HP: 2/52 [constriction (1)]
  2047 | D:3      | Found a runed translucent door.
  2048 | D:3      | Noticed Crazy Yiuf
  2117 | D:3      | Identified a scroll of acquirement
  2225 | D:3      | Found a burning altar of Makhleb.
  2391 | D:3      | Mangled by Crazy Yiuf

Illustrated notes

Levels and vault maps discovered:
D:1:      dpeg_arrival_rooms_b, layout_loops_ring,
          dreamdust_ecumenical_altar_grove
D:2:      layout_rooms, serial_shops, nicolae_diamond_shop
D:3:      layout_rooms, overflow_temple_1_default,
          ashenzari_conservatory_becter, uniq_crazy_yiuf_cottage

Skill      XL: |  1  2  3 |
---------------+----------+-----
Short Blades   | 2 3 |  3.7
Shields        | 3 |  3.2
Armour         | 3 |  3.2
Fighting       | |  3.3

Action                   |  1- 3 |  4- 6 || total
-------------------------+-------+-------++-------
Melee: Rapier            |   123 |    36 ||   159
       Tailslap          |    10 |     6 ||    16
  Use: Scroll            |     6 |     1 ||     7
       Potion            |       |     3 ||     3
Armor: Scale mail        |    67 |    31 ||    98
Dodge: Dodged            |    59 |    28 ||    87
Block: Buckler           |    28 |    17 ||    45

Table legend: (Time is in decaauts)
 A = Elapsed time spent in this place.
 B = Non-inter-level travel time spent in this place.
 C = Inter-level travel time spent in this place.
 D = Time resting spent in this place.
 E = Time spent auto-exploring this place.
 F = Levels seen in this place.
 G = Mean time per level.
                   A        B        C        D        E       F      G
               +--------+--------+--------+--------+--------+-----+--------+
         Total |   2415 |   2357 |     58 |    308 |   1658 |   3 |  805.0 |
       Dungeon |   2415 |   2357 |     58 |    308 |   1658 |   3 |  805.0 |
               +--------+--------+--------+--------+--------+-----+--------+

Top non-repeatable levels by time:
     D:1: 997 daAuts
     D:3: 959 daAuts
     D:2: 458 daAuts
